 Dungeon Crawl Stone Soup version 0.30-a0-393-g54b8e3be05 (webtiles) character file.

Game seed: 1287850292805480639

4 NinjaNoafa the Insei (level 1, 0/13 HPs)
             Began as an Octopode Transmuter on Dec 5, 2022.
             Slain by a quokka (4 damage)
             ... on level 1 of the Dungeon.
             The game lasted 00:00:26 (114 turns).

NinjaNoafa the Insei (Octopode Transmuter)           Turns: 114, Time: 00:00:27

Health: 0/13       AC:  1    Str:  9    XL:     1   Next: 70%
Magic:  2/3        EV: 13    Int: 15    God:
Gold:   0          SH:  0    Dex: 12    Spells: 3/4 levels left

rFire   . . .      SeeInvis .      - Unarmed
rCold   . . .      Faith    .    (no shield)
rNeg    . . .      Spirit   .    (helmet currently unavailable)
rPois   .          Reflect  .    (no amulet)
rElec   .          Harm     .    (no ring)
rCorr   .          Rampage  .    (no ring)
Will    .....                    (no ring)
Stlth   ++........               (no ring)
HPRegen 0.22/turn                (no ring)
MPRegen 0.08/turn                (no ring)
                                 (no ring)
                                 (no ring)

@: appendages
A: tentacle spike 3, almost no armour, amphibious, 8 rings, camouflage 1,
gelatinous body 1, (nimble swimmer 1), tentacles
a: End Transformation


You were on level 1 of the Dungeon.
One of your tentacles had grown a beastly spike.
You visited 1 branch of the dungeon, and saw 1 of its levels.

Inventory:

Scrolls
 b - a scroll of identify {unknown}
Potions
 a - a potion of lignification
 c - 2 potions of degeneration {unknown}


   Skills:
 + Level 1.3 Fighting
 + Level 2.2 Dodging
 - Level 3.0 Unarmed Combat
 - Level 2.0 Spellcasting
 - Level 2.0 Transmutations


You had 3 spell levels left.
You knew the following spells:

 Your Spells              Type           Power      Damage    Failure   Level
a - Beastly Appendage     Tmut           14%        N/A       10%         1

Your spell library contained the following spells:

 Spells                   Type           Power      Damage    Failure   Level
 Wereblood                Tmut           7%         N/A       14%         2
 Spider Form              Tmut/Pois      4%         N/A       41%         3
 Ice Form                 Ice/Tmut       4%         N/A       82%         4


Dungeon Overview and Level Annotations

Branches:
Dungeon (1/15)

Altars:


Innate Abilities, Weirdness & Mutations

One of your tentacles has grown a beastly spike.
You cannot wear most types of armour.
You are amphibious.
You can wear up to eight rings at the same time.
Your skin changes colour to match your surroundings (Stealth+).
Your rubbery body absorbs attacks. (AC +1, EV +1)
((You are camouflaged when in or above water. (Stealth+)))
You have tentacles for arms and can constrict up to eight enemies at once.


Message History

HP restored.
c - 2 puce potions (gained 1)
You see here a +0 robe.
A ball python comes into view.
A ball python is nearby!
A ball python is nearby!
A ball python is nearby!
A ball python is nearby!
The ball python hisses angrily.
A frilled lizard comes into view.
A quokka comes into view.
A quokka comes into view.
The ball python closely misses you. x2
Casting: Beastly Appendage (safe; 10% risk of failure)
Confirm with . or Enter, or press ? or * to list all spells.
One of your tentacles grows a vicious spike.
The ball python barely misses you. The ball python grabs you.
The ball python constricts you.
You barely miss the ball python. Your grab misses the ball python.
Your tentacle spike misses the ball python.
You squeeze the ball python.
The ball python is severely wounded.
The ball python bites you but does no damage.
The ball python constricts you.
You tentacle-slap the ball python but do no damage.
You grab the ball python. You squeeze the ball python.
You kill the ball python!
You tentacle-slap the quokka but do no damage.
You grab the quokka.
You constrict the quokka, but do no damage.
The quokka bites you.
You tentacle-slap the quokka but do no damage.
Your squeeze misses the quokka. You constrict the quokka.
The quokka closely misses you.
You tentacle-slap the quokka. x2
You kill the quokka!
The quokka bites you.
* * * LOW HITPOINT WARNING * * *
You closely miss the quokka. You grab the quokka. You constrict the quokka.
The quokka bites you.
You die...

#.# # #.## ## #..# #.
#..# #. . #..#.#######.
... #..#.........
.....#######..##########
.....lr@......# #
...#####.####.# #.# #[#
#.# #.## #.# #..# ..#
##.# ..# #.# ..# #.#
#.#########


You could see a quokka and a frilled lizard.

Vanquished Creatures
  A ball python (D:1)
  A hobgoblin (D:1)
  A quokka (D:1)
  A rat (D:1)
4 creatures vanquished.

Notes
Turn   | Place    | Note
-------+----------+-------------------------------------------
     0 | D:1      | NinjaNoafa the Octopode Transmuter began the quest for the
                  | Orb.
     0 | D:1      | Reached XP level 1. HP: 13/13 MP: 3/3
   114 | D:1      | Slain by a quokka

Illustrated notes

Levels and vault maps discovered:
D:1:      doesnt_arrival_eight_statues, layout_loops_ring

Action                   || total
-------------------------++-------
Melee: Unarmed           ||    10
       Constrict         ||     4
       Tentacles         ||     2
       Kick              ||     1
       Punch             ||     1
 Cast: Beastly Appendage ||     2
Armor: Skin              ||     1
Dodge: Dodged            ||     5

Table legend: (Time is in decaauts)
 A = Elapsed time spent in this place.
 B = Non-inter-level travel time spent in this place.
 C = Inter-level travel time spent in this place.
 D = Time resting spent in this place.
 E = Time spent auto-exploring this place.
 F = Levels seen in this place.
 G = Mean time per level.
                   A        B        C        D        E       F      G
               +--------+--------+--------+--------+--------+-----+--------+
         Total |    113 |    113 |      0 |      0 |     88 |   1 |  113.0 |
       Dungeon |    113 |    113 |      0 |      0 |     88 |   1 |  113.0 |
               +--------+--------+--------+--------+--------+-----+--------+

Top non-repeatable levels by time:
     D:1: 113 daAuts
